 Dungeon Crawl Stone Soup version 0.26-a0-651-gb41185065b (webtiles) character file.

Game seed: 13497945643503091984

23442 inmateoo the Severer (level 12, -10/112 HPs)
             Began as a Minotaur Fighter on Oct 29, 2020.
             Was an Initiate of Gozag.
             Mangled by a death yak (15 damage)
             ... on level 4 of the Lair of Beasts.
             The game lasted 00:10:48 (11292 turns).

inmateoo the Severer (Minotaur Fighter)            Turns: 11292, Time: 00:10:49

Health: -10/112    AC: 19    Str: 24    XL:     12   Next: 71%
Magic:  0/11       EV:  8    Int:  5    God:    Gozag
Gold:   1323       SH: 13    Dex: 12    Spells: 11/11 levels left

rFire    . . .     SeeInvis +   t - +6 broad axe (flame)
rCold    . . .     Faith    .   c - +0 kite shield
rNeg     . . .     Spirit   +   r - +0 chain mail
rPois    .         Reflect  .   (helmet restricted)
rElec    .         Harm     .   l - +1 cloak
rCorr    .         Rampage  .   b - +2 pair of gloves
MR       +....                  g - +0 pair of boots
Stlth    ..........             H - amulet of guardian spirit
HPRegen  0.28/turn              a - ring of see invisible
MPRegen  0.12/turn              C - ring of protection from magic

@: gold aura
A: retaliatory headbutt, horns 2
a: Potion Petition, Call Merchant, Bribe Branch, Renounce Religion


You were on level 4 of the Lair of Beasts.
You worshipped Gozag.
Gozag was most pleased with you.
You visited 3 branches of the dungeon, and saw 15 of its levels.
You visited the Abyss 1 time.

You collected 1511 gold pieces.
You paid 188 gold pieces to Gozag.

Inventory:

Hand Weapons
 t - a +6 broad axe of flaming (weapon)
Armour
 b - a +2 pair of gloves (worn)
 c - a +0 kite shield (worn)
 g - a +0 pair of boots (worn)
 l - a +1 cloak (worn)
 m - cursed +0 ice dragon scales
 n - the +3 hat of Pondering {ponderous, MR+ MP+10 Int+5}
   (You took it off Gastronok on level 1 of the Lair of Beasts)

   It affects your intelligence (+5).
   It affects your resistance to hostile enchantments.
   It affects your magic capacity (+10).
 r - a +0 chain mail (worn)
Jewellery
 a - a ring of see invisible (left hand)
 C - a ring of protection from magic (right hand)
 H - an amulet of guardian spirit (around neck)
Wands
 e - a wand of random effects (59)
 o - a wand of acid (2)
 s - a wand of digging (11)
 w - a wand of polymorph (36)
 B - a wand of flame (24)
 J - a wand of iceblast (8)
Scrolls
 i - 3 scrolls of magic mapping
 q - 2 scrolls of teleportation
 x - a scroll of fog
 y - 5 scrolls of remove curse
 A - 8 scrolls of identify
 D - 2 scrolls of fear
 F - 2 scrolls of enchant weapon
 G - a scroll of blinking
Potions
 d - 3 potions of might
 f - 6 potions of curing
 h - a potion of heal wounds
 j - 2 potions of resistance
 k - a potion of invisibility
 p - 3 potions of magic
 u - 4 potions of stabbing
 v - 2 potions of brilliance
 z - a potion of flight
 E - a potion of mutation {unknown}
 I - a potion of cancellation {unknown}


   Skills:
 + Level 12.0 Fighting
 * Level 15.6 Axes
 + Level 11.9 Armour
 + Level 12.0 Shields


You had 11 spell levels left.
You didn't know any spells.
Your spell library contained the following spells:

 Spells                   Type           Power        Failure   Level
 Animate Skeleton         Necr           #.....       98%         1
 Magic Dart               Conj           #...         98%         1
 Pain                     Necr           #...         98%         1
 Sting                    Tmut/Pois      #...         98%         1
 Poisonous Vapours        Pois/Air       #.....       99%         2
 Searing Ray              Conj           #.....       99%         2
 Confusing Touch          Hex            #.......     100%        3
 Dazzling Flash           Conj/Hex       #.....       100%        3
 Gell's Gravitas          Tloc           #.........   100%        3
 Ignite Poison            Fire/Tmut/Pois #.......     100%        3
 Mephitic Cloud           Conj/Pois/Air  #.......     100%        3
 Vampiric Draining        Necr           #.........   100%        3
 Animate Dead             Necr           #.........   100%        4
 Fulminant Prism          Conj/Hex       #.........   100%        4
 Iskenderun's Mystic Bla  Conj/Tloc      #.......     100%        4
 Olgreb's Toxic Radiance  Pois           #.......     100%        4
 Petrify                  Tmut/Erth      #.......     100%        4
 Agony                    Necr           #.......     100%        5
 Metabolic Englaciation   Hex/Ice        #.........   100%        5
 Yara's Violent Unravell  Hex/Tmut       #.........   100%        5


Dungeon Overview and Level Annotations

Branches:
Dungeon (10/15)            Temple (1/1) D:4            Lair (4/6) D:9
  Swamp (0/4) Lair:4
  Snake: Lair:2-4    Spider: Lair:2-4       Orc: D:9-12

Altars:
Ashenzari
Cheibriados
Dithmenos
Elyvilon
Fedhas
Gozag
Hepliaklqana
Kikubaaqudgha
Makhleb
Nemelex Xobeh
Okawaru
Qazlal
Ru
Sif Muna
Trog
Uskayaw
Vehumet
Wu Jian
Xom
Yredelemnul
Zin
The Shining One

Shops:
D:4 :   D:5 ?   D:8 :

Annotations:
D:8 3 runed translucent doors


Innate Abilities, Weirdness & Mutations

You reflexively headbutt those who attack you in melee.
You have a pair of horns on your head.


Message History

The death yak is severely wounded.
The bolt of acid hits the death yak!
The death yak is splashed with acid!
The death yak seems to be corroded for longer.
The death yak is almost dead.
The death yak is no longer distracted by gold.
The death yak gores you!
* * * LOW HITPOINT WARNING * * *
Unknown command.
Evoke which item? (* to show all) (? for menu, Esc to quit)
Aiming: Corrosive Bolt
Press: ? - help, Shift-Dir - straight line, f/p - death yak
Aim: a death yak (severely wounded, covered in acid)
The bolt of acid hits the death yak!
The death yak is splashed with acid.
The death yak seems to be corroded for longer.
The death yak is almost dead.
The bolt of acid hits the death yak!
The death yak is splashed with acid.
The death yak is almost dead.
The death yak gores you!
You die...
Your body crumbles into a pile of gold.

.####............# #....### .#
#............######.<....###
.####...###....#..##.##........#
ยง......###......#..............#
....................##.##......#
##...#[##.......##########...###
##..####.......##### ######### #
P.#.#...P...P...##.###P##.#.$#.#.
................@YY.$........$...
.....#......#.P###....P...###$##.
............#... ###......P# ##
...##..##.#....# ###....## ...#
..##.....## #...## ..#. ..###..#.
###.# ........ #.... ###
.......###. ..


You could see 2 death yaks.

Vanquished Creatures
  Gastronok (Lair:1)
  A hydra (Lair:2)
  Erica (D:8)
  A two-headed ogre (D:8)
  Urug (Lair:1)
  4 death yaks (Lair:4)
  An unseen horror (D:10)
  3 black mambas
  Joseph (D:8)
  Psyche (D:8)
  3 cane toads
  A centaur skeleton (D:10)
  Maggie (D:8)
  A rime drake (Lair:3)
  A kobold demonologist (D:9)
  2 komodo dragons (Lair:2)
  3 trolls
  Prince Ribbit (D:6)
  10 blink frogs (Lair:2)
  3 hippogriffs
  Sigmund (D:6)
  A wyvern (D:10)
  17 yaks
  2 basilisks (Lair:2)
  Edmund (D:4)
  5 water moccasins
  3 porcupines
  3 sky beasts
  A necrophage (D:8)
  4 orc warriors
  A phantom (D:4)
  A black bear (D:7)
  An ice beast (D:5)
  10 ogres
  4 wolves (Lair:2)
  3 centaurs
  7 crocodiles
  A gnoll sergeant (D:9)
  11 bullfrogs
  A scorpion (D:8)
  5 killer bees (D:9)
  4 howler monkeys
  A centaur zombie (D:10)
  A jelly (D:10)
  A quasit (D:10)
  4 orc priests
  3 hounds
  Crazy Yiuf (D:2)
  2 bullfrog skeletons
  An iron imp (D:9)
  2 iguanas
  Terence (D:3)
  4 orc wizards
  5 worker ants
  4 gnolls (D:9)
  A howler monkey skeleton (D:7)
  10 adders
  A shadow imp (D:9)
  A white imp (D:6)
  4 ufetubi
  3 worms
  2 dart slugs
  3 leopard geckos
  27 orcs
  A ball python (D:3)
  4 giant cockroaches
  6 goblins
  10 hobgoblins
  14 jackals
  2 quokkas
  8 bats
  2 frilled lizards
  7 kobolds
  6 rats
270 creatures vanquished.

Vanquished Creatures (others)
  A butterfly (D:4)
  6 fungi
  11 plants
18 creatures vanquished.

Grand Total: 288 creatures vanquished

Notes
Turn   | Place    | Note
-------+----------+-------------------------------------------
     0 | D:1      | inmateoo the Minotaur Fighter began the quest for the Orb.
     0 | D:1      | Reached XP level 1. HP: 19/19 MP: 0/0
    73 | D:1      | Reached XP level 2. HP: 19/27 MP: 1/1
   155 | D:1      | Reached skill level 3 in Axes
   197 | D:1      | Found a broken altar of Ashenzari.
   465 | D:1      | Reached XP level 3. HP: 33/33 MP: 2/2
   820 | D:2      | Found a runed translucent door.
   821 | D:2      | Noticed Crazy Yiuf
  1000 | D:2      | Reached XP level 4. HP: 37/40 MP: 3/3
  1357 | D:2      | Killed Crazy Yiuf
  1357 | D:2      | Reached skill level 4 in Axes
  1463 | D:3      | Found a shadowy altar of Dithmenos.
  1590 | D:3      | Noticed Terence
  1595 | D:3      | Killed Terence
  1595 | D:3      | Reached XP level 5. HP: 46/47 MP: 4/4
  1608 | D:3      | Found a faded altar of an unknown god.
  1957 | D:4      | Noticed Edmund
  1974 | D:4      | Killed Edmund
  1974 | D:4      | Reached skill level 5 in Axes
  1974 | D:4      | Reached XP level 6. HP: 32/55 MP: 5/5
  2102 | D:4      | Found a stormy altar of Qazlal.
  2108 | D:4      | Found a staircase to the Ecumenical Temple.
  2114 | Temple   | Entered the Ecumenical Temple
  2267 | D:4      | Reached skill level 5 in Fighting
  2267 | D:4      | Reached skill level 5 in Armour
  2267 | D:4      | Reached skill level 5 in Shields
  2314 | D:4      | Found a radiant altar of Vehumet.
  2468 | D:4      | Found Othrica's Book Shoppe.
  2840 | D:5      | Entered Level 5 of the Dungeon
  2859 | D:5      | Reached skill level 6 in Axes
  2860 | D:5      | Reached XP level 7. HP: 61/61 MP: 6/6
  3024 | D:5      | Found a broken altar of Ashenzari.
  3030 | D:5      | Reached skill level 7 in Axes
  3339 | D:5      | Found Sexke's Magic Scroll Boutique.
  3380 | D:5      | Reached XP level 8. HP: 69/70 MP: 7/7
  3400 | D:5      | Found a hide-covered altar of Uskayaw.
  4131 | D:6      | Noticed Prince Ribbit
  4140 | D:6      | Killed Prince Ribbit
  4140 | D:6      | Reached skill level 8 in Axes
  4583 | D:6      | Noticed Sigmund
  4596 | D:6      | Killed Sigmund
  4596 | D:6      | Reached skill level 9 in Axes
  4732 | D:7      | Reached XP level 9. HP: 79/79 MP: 8/8
  4978 | D:7      | Found a blossoming altar of Fedhas.
  5304 | D:7      | Found a radiant altar of Vehumet.
  5368 | D:8      | Noticed a two-headed ogre
  5370 | D:8      | Noticed Psyche
  5384 | D:8      | Paralysed by Psyche for 2 turns
  5390 | D:8      | Cast into level 1 of the Abyss (Psyche)
  5414 | D:8      | Escaped the Abyss
  5418 | D:8      | Killed Psyche
  5418 | D:8      | Reached skill level 10 in Axes
  5419 | D:8      | Killed a two-headed ogre
  5554 | D:8      | Noticed Erica
  5565 | D:8      | Killed Erica
  5565 | D:8      | Reached skill level 11 in Axes
  5565 | D:8      | Reached XP level 10. HP: 71/90 MP: 9/9
  5699 | D:8      | Found Yfecy's Book Emporium.
  6063 | D:8      | Noticed Joseph
  6076 | D:8      | Killed Joseph
  6097 | D:8      | Noticed Maggie
  6116 | D:8      | Killed Maggie
  6144 | D:8      | Noticed a purple ugly thing
  6146 | D:8      | Found a runed translucent gate.
  6147 | D:8      | Found a runed translucent gate.
  6147 | D:8      | Noticed a green very ugly thing
  6148 | D:8      | Found a runed translucent gate.
  6148 | D:8      | Noticed a cyan ugly thing
  6148 | D:8      | Noticed a purple ugly thing
  6149 | D:8      | Noticed a red ugly thing
  6692 | D:9      | Found a sparkling altar of Nemelex Xobeh.
  6751 | D:9      | Found a staircase to the Lair.
  6791 | D:9      | Found a white marble altar of Elyvilon.
  6798 | D:9      | Identified a scroll of acquirement
  6798 | D:9      | Acquired a +2 broad axe of flaming
  6867 | D:9      | Reached skill level 12 in Axes
  7166 | D:9      | Found a snail-covered altar of Cheibriados.
  7262 | D:9      | Found a sacrificial altar of Ru.
  7262 | D:9      | Found a hazy altar of Hepliaklqana.
  7263 | D:9      | Found an opulent altar of Gozag.
  7471 | D:10     | Entered Level 10 of the Dungeon
  8038 | D:10     | Reached XP level 11. HP: 84/99 MP: 10/10
  8087 | D:10     | Noticed an unseen horror
  8091 | D:10     | Killed an unseen horror
  8091 | D:10     | Reached skill level 10 in Fighting
  8347 | D:9      | Became a worshipper of Gozag Ym Sagoz the Greedy
  8464 | Lair:1   | Entered Level 1 of the Lair of Beasts
  8472 | Lair:1   | Reached skill level 10 in Armour
  8472 | Lair:1   | Reached skill level 10 in Shields
  8612 | Lair:1   | Noticed Gastronok
  8613 | Lair:1   | Noticed Urug
  8628 | Lair:1   | Killed Gastronok
  8628 | Lair:1   | Reached skill level 13 in Axes
  8641 | Lair:1   | Killed Urug
  9523 | Lair:2   | Noticed a five-headed hydra
  9532 | Lair:2   | Killed a one-headed hydra
  9690 | Lair:2   | Reached skill level 14 in Axes
  9731 | Lair:2   | Reached XP level 12. HP: 26/110 MP: 11/11
 10348 | Lair:2   | You fall into a shaft and drop 1 floor!
 11002 | Lair:4   | Reached skill level 15 in Axes
 11056 | Lair:4   | Found a staircase to the Swamp.
 11256 | Lair:4   | Noticed a death yak
 11256 | Lair:4   | Noticed a death yak
 11256 | Lair:4   | Noticed a death yak
 11257 | Lair:4   | Noticed a death yak
 11257 | Lair:4   | Noticed a death yak
 11257 | Lair:4   | Noticed a death yak
 11267 | Lair:4   | Killed a death yak
 11269 | Lair:4   | Killed a death yak
 11270 | Lair:4   | Killed a death yak
 11289 | Lair:4   | Killed a death yak
 11291 | Lair:4   | HP: 5/112 [death yak (11)]
 11292 | Lair:4   | Mangled by a death yak

Illustrated notes

Levels and vault maps discovered:
D:1:      dpeg_arrival_short_road, layout_basic, nicolae_ashenzari_panopticon
D:2:      layout_loops_ring, uniq_crazy_yiuf_cottage
D:3:      layout_rooms, nicolae_dithmenos_shadow_blocks,
          chequers_ecumenical_altar_simple_redux, uniq_terence
D:4:      layout_basic, grunt_qazlal_clouds, minmay_temple_entry_butterflies,
          serial_shops, shop_statue, minmay_ruined_shrine, uniq_edmund
D:5:      layout_loops_ring, nicolae_overflow_crystal_walls, lemuel_round_altar,
          serial_shops, shop, nrook_loot_triangle
D:6:      layout_basic, uniq_sigmund, uniq_prince_ribbit1
D:7:      layout_loops_ring, fiery_altar_vehumet, fedhas_bush_and_centaur_altar
D:8:      layout_basic, serial_shops, nicolae_shop_competitors_out_of_business,
          ploomutoo_gammafunk_ghost_potion_laboratory, uniq_erica, uniq_joseph,
          uniq_psyche, uniq_maggie
D:9:      layout_basic, slow_altar_2, elyvilon_altar_1,
          lemuel_coloured_pillars_altar, nicolae_overflow_hidden_temple,
          lair_entry_dummy
D:10:     layout_basic
Temple:   compressed_dpeg_circular_temple
Lair:1:   layout_gridlike, infiniplex_staircase_pool_2, uniq_gastronok,
          uniq_urug
Lair:2:   layout_chaotic_city, st_stairs_12, beast_lair_carwin_1,
          grunt_megastairs_4
Lair:3:   layout_cave_shapes
Lair:4:   layout_misc_corridors, swamp_mist, minmay_snake_entry_spellcaster

Skill      XL: |  1  2  3  4  5  6  7  8  9 10 11 12 |
---------------+-------------------------------------+-----
Axes           | 3 4 5 6 7 9 11 12 14 15 | 15.6
Shields        | 4 5 6 7 8 9 11 12 | 12.0
Armour         | 4 5 6 7 8 9 11 | 11.9
Fighting       | 4 5 6 7 8 9 11 12 | 12.0

Action                   |  1- 3 |  4- 6 |  7- 9 | 10-12 || total
-------------------------+-------+-------+-------+-------++-------
Melee: War axe           |   114 |    92 |   180 |    82 ||   468
       Headbutt          |    10 |    13 |    34 |    70 ||   127
       Broad axe         |       |       |       |   287 ||   287
Evoke: Wand              |       |       |       |     8 ||     8
  Use: Scroll            |    10 |     5 |     7 |    11 ||    33
       Potion            |       |     1 |     1 |     3 ||     5
 Stab: Distracted        |       |       |       |     2 ||     2
Armor: Scale mail        |    50 |    39 |     4 |       ||    93
       Chain mail        |       |       |    90 |   160 ||   250
       Skin              |       |       |       |     3 ||     3
Dodge: Dodged            |    41 |    22 |    46 |    78 ||   187
Block: Kite shield       |    64 |    33 |   105 |   211 ||   413

Table legend: (Time is in decaauts)
 A = Elapsed time spent in this place.
 B = Non-inter-level travel time spent in this place.
 C = Inter-level travel time spent in this place.
 D = Time resting spent in this place.
 E = Time spent auto-exploring this place.
 F = Levels seen in this place.
 G = Mean time per level.
                   A        B        C        D        E       F      G
               +--------+--------+--------+--------+--------+-----+--------+
         Total |  11397 |  10560 |    837 |   1907 |   6673 |  16 |  712.3 |
       Dungeon |   8469 |   7722 |    747 |   1345 |   4851 |  10 |  846.9 |
        Temple |     90 |     75 |     15 |      0 |     75 |   1 |   90.0 |
          Lair |   2813 |   2739 |     74 |    562 |   1747 |   4 |  703.2 |
         Abyss |     23 |     23 |      0 |      0 |      0 |   1 |   23.0 |
               +--------+--------+--------+--------+--------+-----+--------+

Top non-repeatable levels by time:
     D:8: 1117 daAuts
  Lair:2: 1081 daAuts
     D:9: 1011 daAuts
     D:6: 984 daAuts
  Lair:1: 979 daAuts
    D:10: 966 daAuts
     D:5: 890 daAuts
     D:2: 867 daAuts
     D:4: 809 daAuts
     D:7: 675 daAuts
     D:1: 633 daAuts
     D:3: 515 daAuts
  Lair:3: 455 daAuts
  Lair:4: 298 daAuts
  Temple: 90 daAuts
